 Dungeon Crawl Stone Soup version 0.24.0-10-g970556be89 (webtiles) character file.

Game seed: 12335123845357242883, levelgen mode: deterministic

149 Monsterracer the Skirmisher (level 5, -11/34 HPs)
             Began as a Gargoyle Fighter on Nov 3, 2019.
             Was an Initiate of the Shining One.
             Mangled by a white draconian
             ... wielding a +0 halberd
              (13 damage)
             ... on level 1 of the Abyss.
             The game lasted 00:01:20 (2637 turns).

Monsterracer the Skirmisher (Gargoyle Fighter)      Turns: 2637, Time: 00:01:21

Health: -11/34     AC: 12    Str: 25    XL:     5   Next: 31%
Magic:  5/5        EV:  7    Int: 11    God:    the Shining One [......]
Gold:   128        SH:  9    Dex:  9    Spells: 4/4 levels left

rFire    . . .     SeeInvis .   a - +0 war axe
rCold    . . .     Gourm    .   f - +0 shield
rNeg     + . .     Faith    .   l - +2 scale mail {rPois}
rPois    ∞         Spirit   .   (no helmet)
rElec    +         Reflect  .   (no cloak)
rCorr    .         Harm     .   (no gloves)
MR       .....                  (no boots)
Stlth    ..........             (no amulet)
HPRegen  0.11/turn              k - +2 ring of intelligence
MPRegen  0.09/turn              (no ring)

@: mighty, flying, glowing
A: negative energy resistance 1, electricity resistance, unbreathing,
petrification resistance, rot immunity, AC +4
a: Renounce Religion


You were on level 1 of the Abyss.
You worshipped the Shining One.
The Shining One was noncommittal.
You were hungry.

You visited 1 branch of the dungeon, and saw 3 of its levels.
You visited the Abyss 1 time.

You collected 128 gold pieces.

Inventory:

Hand Weapons
 a - a +0 war axe (weapon)
Armour
 f - a +0 shield (worn)
 l - a +2 scale mail of poison resistance (worn)
   (You found it on level 2 of the Dungeon)
Jewellery
 k - a +2 ring of intelligence (left hand)
   (You found it on level 1 of the Dungeon)
Scrolls
 b - 2 scrolls of identify {unknown}
 g - 2 scrolls of fog {unknown}
 i - a scroll of fear {unknown}
 m - a scroll of magic mapping {unknown}
 n - a scroll of immolation {unknown}
 o - 4 scrolls of remove curse {unknown}
 s - a scroll of noise {unknown}
 u - a scroll of enchant armour {unknown}
Potions
 e - a potion of flight
 h - a potion of berserk rage {unknown}
 p - 2 potions of curing {unknown}
 q - a potion of agility {unknown}
 r - a potion of lignification {unknown}
Comestibles
 c - 3 rations


   Skills:
 + Level 4.4 Fighting
 * Level 4.0 Axes
 - Level 3.2 Armour
 - Level 3.2 Shields
 + Level 1.0 Invocations


You had 4 spell levels left.
You didn't know any spells.
Your spell library was empty.

Dungeon Overview and Level Annotations

Branches:
Dungeon (3/15)

Altars:
Ashenzari
Nemelex Xobeh
Okawaru
The Shining One

Annotations:
D:3 Crazy Yiuf


Innate Abilities, Weirdness & Mutations

You are resistant to torment.
Your stone body is resilient. (AC +4)
You are immune to poison.
You resist negative energy. (rN+)
You are resistant to electric shocks. (rElec)
You can survive without breathing.
You are immune to petrification.
You are immune to rotting.


Message History

You hit the fungus. x2
You hit the fungus.
The fungus is lightly damaged.
You hit the fungus. x3
You completely miss the fungus.
The fungus is lightly damaged.
You hit the fungus. x2; You slash the fungus!
You destroy the fungus!
You slash the fungus!
The fungus is heavily damaged.
You slash the fungus! You hit the fungus. You hit the fungus.
The fungus is heavily damaged.
You hit the fungus.
You destroy the fungus!
You hit the fungus. You hit the fungus.
The fungus is heavily damaged.
You hit the fungus. You hit the fungus.
The fungus is moderately damaged.
You hit the fungus. You hit the fungus.
The fungus is severely damaged.
You hit the fungus. You hit the fungus.
The fungus is heavily damaged.
You hit the fungus. You hit the fungus.
The fungus is almost destroyed.
You hit the fungus.
You are feeling hungry.
You hit the fungus.
The fungus is severely damaged.
You hit the fungus but do no damage. You slash the fungus!
You destroy the fungus!
You hit the fungus but do no damage. You slash the fungus!
The fungus is almost destroyed.
Found a glowing mace.
Found a runed translucent door.
Crazy Yiuf shouts!
Crazy Yiuf says, "Snower!
Island head sallow."
You open the door.
Crazy Yiuf drinks a potion.
Crazy Yiuf seems to speed up.
You slash Crazy Yiuf!
Crazy Yiuf is heavily wounded.
Crazy Yiuf hits you but does no damage.
Crazy Yiuf hits you with a +4 quarterstaff of chaos.
You turn into a tree.
Your +2 scale mail of poison resistance melds into your body.
Your roots penetrate the ground.
Crazy Yiuf hits you but does no damage.
You are electrocuted!!
You are too injured to fight recklessly!
You are too injured to fight recklessly!
You are too injured to fight recklessly!
You are too injured to fight recklessly!
You barely miss Crazy Yiuf.
Crazy Yiuf is heavily wounded.
Crazy Yiuf whimpers, "Cholesterol Hive testudinal!"
Crazy Yiuf hits you with a +4 quarterstaff of chaos.
* * * LOW HITPOINT WARNING * * *
You are cast into the Abyss!
To return, you must find a gate leading back.
Killing monsters will force the Abyss to allow you passage.
This branch contains the abyssal rune of Zot.
You cannot move.
You cannot move.
Unknown command.
You cannot move.
You start resting.
Your transformation is almost over.
You start resting.
You feel less wooden.
Your +2 scale mail of poison resistance unmelds from your body.
Unknown command.
There is an open translucent door here.
A white draconian comes into view. It is wielding a +0 halberd.
Unknown command.
The white draconian roars!
Okay, then.
You feel very mighty all of a sudden.
The white draconian breathes frost at you.
The chilling blast hits you!
* * * LOW HITPOINT WARNING * * *
You block the white draconian's attack.
It was a potion of flight.
You feel very buoyant.
You fly up into the air.
You hit the white draconian but do no damage.
The white draconian breathes frost at you.
The chilling blast hits you!! The Shining One protects you from harm!
You are blown backwards by the freezing wind.
You slam into the tree!
The white draconian hits you with a +0 halberd!
* * * LOW HITPOINT WARNING * * *
Unknown command.
It was a potion of magic.
Magic courses through your body.
The white draconian hits you with a +0 halberd!
You die...

## ♣.# ♣.♣
##♣ #.## ..
♣♣♣♣♣#...#
#..♣.♣.'...#
# ♣@d♣#...#
#.#♣♣ #.
.... #♣♣ ♣
♣.. #


You could see a white draconian.

Vanquished Creatures
  A bullfrog skeleton (D:2)
  An adder (D:3)
  A worm (D:2)
  4 dart slugs (D:1)
  2 leopard geckos (D:2)
  11 orcs (D:3)
  3 giant cockroaches (D:1 D:3)
  12 goblins (D:1 D:2 D:3)
  9 hobgoblins (D:1 D:2 D:3)
  2 quokkas (D:2 D:3)
  10 bats (D:1 D:2 D:3)
  6 frilled lizards (D:1 D:2 D:3)
  11 kobolds (D:1 D:2 D:3)
  13 rats (D:1 D:2 D:3)
  4 fungi (D:3)
90 creatures vanquished.

Notes
Turn   | Place    | Note
-------+----------+-------------------------------------------
     0 | D:1      | Monsterracer the Gargoyle Fighter began the quest for the
                  | Orb.
     0 | D:1      | Reached XP level 1. HP: 14/14 MP: 1/1
   119 | D:1      | Reached XP level 2. HP: 17/19 MP: 2/2
   405 | D:1      | Reached XP level 3. HP: 22/24 MP: 3/3
   919 | D:2      | HP: 12/24 [worm (5)]
  1072 | D:2      | Reached XP level 4. HP: 23/29 MP: 4/4
  1405 | D:2      | Found a sparkling altar of Nemelex Xobeh.
  1405 | D:2      | Found a glowing golden altar of the Shining One.
  1407 | D:2      | Found a shattered altar of Ashenzari.
  1407 | D:2      | Found an iron altar of Okawaru.
  1486 | D:2      | Became a worshipper of the Shining One
  2021 | D:3      | Reached XP level 5. HP: 34/34 MP: 5/5
  2245 | D:3      | Reached skill level 1 in Invocations
  2476 | D:3      | Found a runed translucent door.
  2477 | D:3      | Noticed Crazy Yiuf
  2483 | D:3      | HP: 21/51 [Crazy Yiuf/+4 quarterstaff of chaos (6)]
  2483 | D:3      | Cast into level 1 of the Abyss (Crazy Yiuf)
  2628 | Abyss:1  | Noticed a white draconian
  2633 | Abyss:1  | HP: 17/34 [white draconian/chilling blast (13)]
  2636 | Abyss:1  | The Shining One protects you from harm!
  2636 | Abyss:1  | HP: 2/34 [white draconian/+0 halberd (16)]
  2637 | Abyss:1  | Mangled by a white draconian

Levels and vault maps discovered:
D:1:      dpeg_arrival_three_same_balls, layout_basic
D:2:      layout_loops_ring, grunt_temple_overflow_cloverleaf,
          minmay_pentomino_z4
D:3:      layout_loops_ring, minmay_misc_feat_ornament, uniq_crazy_yiuf_cottage
Abyss:1

Skill      XL: |  1  2  3  4  5 |
---------------+----------------+-----
Axes           | 2 3 4 |  4.0
Fighting       | 4 |  4.4
Invocations    | 1 |  1.0
Armour         | |  3.2
Shields        | |  3.2

Action                   |  1- 3 |  4- 6 || total
-------------------------+-------+-------++-------
Melee: War axe           |   100 |   136 ||   236
  Use: Potion            |       |     3 ||     3
  Eat: Chunk             |       |     5 ||     5
Armor: Scale mail        |    42 |    58 ||   100
       Skin              |       |     1 ||     1
Dodge: Dodged            |    33 |    34 ||    67
Block: Shield            |    41 |    47 ||    88
